 Dungeon Crawl Stone Soup version 0.24.0-13-gcf9b3192b9 (webtiles) character file.

Game seed: 9937904026086407591, levelgen mode: deterministic

784876 Arum the Conqueror (level 27, -7/249 HPs)
             Began as a Formicid Fighter on Nov 7, 2019.
             Was an Initiate of Gozag.
             Killed by divine providence
             ... invoked by a daeva
              (10 damage)
             ... in Pandemonium on Nov 9, 2019.
             The game lasted 03:40:42 (81000 turns).

Arum the Conqueror (Formicid Fighter)              Turns: 81000, Time: 03:40:44

Health: -7/249     AC: 49    Str: 29    XL:     27
Magic:  42/42      EV: 23    Int: 21    God:    Gozag
Gold:   3721       SH: 33    Dex: 22    Spells: 56/65 levels left

rFire    + + +     SeeInvis +   L - +9 lajatang (freeze)
rCold    + . .     Gourm    .   v - +7 large shield "Tosamun" {rF+ Slay+3}
rNeg     + + +     Faith    .   e - +8 orange crystal plate armour {Archmagi, Int+3 Clar}
rPois    +         Spirit   .   (helmet unavailable)
rElec    .         Reflect  .   Q - +1 cloak {rPois}
rCorr    .         Harm     .   h - +5 pair of gloves of Mucuil Fefu {rN++}
MR       +++++     Clarity  +   i - +0 pair of boots of Nev Aqeu {rF+ rN+ Dex-2}
Stlth    ..........             B - amulet of the Four Winds {rN+ MR+++ Clar}
HPRegen  0.51/turn              l - ring of Geicve Damm {-Tele rF++ rC+ AC+2}
MPRegen  0.28/turn              R - ring of Xom's Whimsicality {Int+4 Dex+5 Slay+2}

@: mighty, agile, gold aura, flying, very slightly contaminated, glowing,
invisible (but backlit and visible), bribing [Pandemonium]
A: permanent stasis, dig shafts and tunnels, four strong arms, antennae 3, low
mp 1
}: 6/15 runes: decaying, slimy, silver, abyssal, demonic, gossamer
a: Dig, Shaft Self, Potion Petition, Call Merchant, Bribe Branch, Renounce
Religion


You were in Pandemonium.
You worshipped Gozag.
Gozag was most pleased with you.
You were not hungry.

You visited 11 branches of the dungeon, and saw 51 of its levels.
You visited Pandemonium 1 time, and saw 5 of its levels.
You visited the Abyss 1 time.
You also visited: Trove, Gauntlet and Ice Cave.

You collected 39275 gold pieces.
You spent 4463 gold pieces at shops.
You paid 31091 gold pieces to Gozag.

Inventory:

Hand Weapons
 w - the +7 lajatang of Order {silver, rMut}
   (You found it on level 1 of the Vaults)

   It protects you from mutation.
 L - a +9 lajatang of freezing (weapon)
Missiles
 H - 6 throwing nets (quivered)
 I - 22 javelins
Armour
 e - the +8 orange crystal plate armour (worn) {Archmagi, Int+3 Clar}
   (You acquired it on level 4 of the Depths)

   It affects your intelligence (+3).
   It protects you against confusion.
 h - the +5 pair of gloves of Mucuil Fefu (worn) {rN++}
   (You found it in a Gauntlet)

   It greatly protects you from negative energy.
 i - the +0 pair of boots of Nev Aqeu (worn) {rF+ rN+ Dex-2}
   (You found it on level 1 of the Abyss)

   It affects your dexterity (-2).
   It protects you from fire.
   It protects you from negative energy.
 v - the +7 large shield "Tosamun" (worn) {rF+ Slay+3}
   (You took it off a daeva in Pandemonium)

   It affects your accuracy and damage with ranged weapons and melee attacks
   (+3).
   It protects you from fire.
 z - the +2 pair of gloves of the Suburbs {rPois rF++ Str+3 Dex+4}
   (You found it in a treasure trove)

   It affects your strength (+3).
   It affects your dexterity (+4).
   It greatly protects you from fire.
   It protects you from poison.
 Q - a +1 cloak of poison resistance (worn)
 U - the +0 large shield of Lucidity {rElec Regen+ rCorr}
   (You found it in a treasure trove)

   It insulates you from electricity.
   It increases your rate of regeneration.
   It provides partial protection from all sources of acid and corrosion.
Jewellery
 l - the ring of Geicve Damm (left hand) {-Tele rF++ rC+ AC+2}
   (You bought it in a shop on level 6 of the Dungeon)

   [ring of protection]

   It affects your AC (+2).
   It greatly protects you from fire.
   It protects you from cold.
   It prevents most forms of teleportation.
 B - the amulet of the Four Winds (around neck) {rN+ MR+++ Clar}
   (You bought it in a shop on level 6 of the Dungeon)

   [amulet of nothing]

   It protects you from negative energy.
   It affects your resistance to hostile enchantments.
   It protects you against confusion.
 M - the ring of Qisigiz {EV+3 Dex+4}
   (You found it on level 5 of the Pits of Slime)

   [ring of evasion]

   It affects your evasion (+3).
   It affects your dexterity (+4).
 N - an uncursed ring of protection from cold
 O - a +5 amulet of reflection
 R - the ring of Xom's Whimsicality (right hand) {Int+4 Dex+5 Slay+2}
   (You found it in a Gauntlet)

   [ring of slaying]

   It affects your intelligence (+4).
   It affects your dexterity (+5).
   It affects your accuracy and damage with ranged weapons and melee attacks
   (+2).
 W - the ring of Biur {+Blink rC+ Stlth+}
   (You took it off a deep elf high priest on level 3 of the Elven Halls)

   [ring of protection from cold]

   It protects you from cold.
   It lets you blink.
   It makes you more stealthy.
 X - the ring "Lukoets" {*Slow rElec rPois rCorr Slay+4}
   (You found it on level 5 of the Pits of Slime)

   [ring of resist corrosion]

   It affects your accuracy and damage with ranged weapons and melee attacks
   (+4).
   It insulates you from electricity.
   It protects you from poison.
   It provides partial protection from all sources of acid and corrosion.
   It may slow you when you take damage.
 Z - the ring of the Mage {Wiz MR++ Int+3}
   (You took it off a deep elf mage on level 3 of the Elven Halls)

   [ring of wizardry]

   It improves your spell success rate.
   It affects your intelligence (+3).
   It affects your resistance to hostile enchantments.
Wands
 a - a wand of iceblast (72)
 n - a wand of digging (15)
 F - a wand of acid (16)
Scrolls
 g - 7 scrolls of summoning
 k - 13 scrolls of enchant armour
 p - 14 scrolls of magic mapping
 q - 20 scrolls of identify
 r - 25 scrolls of remove curse
 C - 2 scrolls of immolation
 E - 12 scrolls of fog
 J - 14 scrolls of amnesia
 V - 3 scrolls of fear
Potions
 c - 13 potions of lignification
 d - 15 potions of might
 j - 24 potions of curing
 m - 5 potions of flight
 t - 4 potions of invisibility
 u - 14 potions of brilliance
 x - 3 potions of magic
 A - 5 potions of agility
 G - 7 potions of mutation
 K - 4 potions of cancellation
 Y - 7 potions of ambrosia
Miscellaneous
 b - 4 phantom mirrors
 o - a phial of floods
 s - a lightning rod (4/4)
 y - the horn of Geryon (inert)
 D - a lamp of fire
 P - a box of beasts
Comestibles
 f - 20 rations


   Skills:
 O Level 27 Fighting
 + Level 22.8 Staves
 - Level 20.9 Armour
 - Level 15.0 Dodging
 - Level 22.0 Shields
 + Level 19.7 Spellcasting
 - Level 15.0 Transmutations
 + Level 17.7 Earth Magic


You had 56 spell levels left.
You knew the following spells:

 Your Spells              Type           Power        Failure   Level  Hunger
a - Statue Form           Tmut/Erth      #######..    4%          6    ####...
b - Regeneration          Chrm/Necr      ####......   56%         3    None

Your spell library contained the following spells:

 Spells                   Type           Power        Failure   Level  Hunger
 Sandblast                Erth           ######       0%          1    None
 Beastly Appendage        Tmut           ######       1%          1    None
 Passwall                 Tmut/Erth      #######.     1%          2    None
 Sticks to Snakes         Tmut           #######.     1%          2    None
 Stone Arrow              Conj/Erth      ######       1%          3    None
 Petrify                  Tmut/Erth      #######.     1%          4    None
 Blade Hands              Tmut           #######...   1%          5    None
 Lee's Rapid Deconstruct  Erth           #######...   1%          5    None
 Spider Form              Tmut/Pois      ######....   3%          3    None
 Leda's Liquefaction      Hex/Erth       ######....   6%          4    None
 Hydra Form               Tmut           #######...   8%          6    ####...
 Ignite Poison            Fire/Tmut/Pois ######..     9%          3    None
 Ice Form                 Ice/Tmut       ######..     11%         4    None
 Animate Skeleton         Necr           N/A          24%         1    None
 Apportation              Tloc           ####..       24%         1    None
 Confusing Touch          Hex            ####..       24%         1    None
 Corona                   Hex            ####...      24%         1    None
 Flame Tongue             Conj/Fire      ####.        24%         1    None
 Freeze                   Ice            ####         24%         1    None
 Magic Dart               Conj           ####         24%         1    None
 Shock                    Conj/Air       ####         24%         1    None
 Sting                    Conj/Pois      ####         24%         1    None
 Summon Butterflies       Summ           ####....     24%         1    None
 Summon Small Mammal      Summ           ####         24%         1    None
 Alistair's Intoxication  Tmut/Pois      ######..     30%         5    None
 Irradiate                Conj/Tmut      ######....   30%         5    None
 Yara's Violent Unravell  Hex/Tmut       ######....   30%         5    None
 Call Imp                 Summ           ####....     34%         2    None
 Corpse Rot               Necr           N/A          34%         2    None
 Ensorcelled Hibernation  Hex/Ice        ####..       34%         2    None
 Poisonous Vapours        Pois/Air       ####..       34%         2    None
 Searing Ray              Conj           ####..       34%         2    None
 Shroud of Golubria       Chrm/Tloc      ####..       34%         2    None
 Slow                     Hex            ####....     34%         2    None
 Song of Slaying          Chrm           ####....     34%         2    None
 Sublimation of Blood     Necr           ####......   34%         2    None
 Swiftness                Chrm/Air       ####....     34%         2    None
 Throw Frost              Conj/Ice       ####..       34%         2    None
 Dragon Form              Tmut           #######...   38%         7    #####..
 Bolt of Magma            Conj/Fire/Erth ######....   50%         5    None
 Call Canine Familiar     Summ           ####....     56%         3    None
 Confuse                  Hex            ####....     56%         3    None
 Conjure Flame            Conj/Fire      ####....     56%         3    None
 Dazzling Spray           Conj/Hex       ####..       56%         3    None
 Inner Flame              Hex/Fire       ####....     56%         3    None
 Lesser Beckoning         Tloc           ####......   56%         3    None
 Mephitic Cloud           Conj/Pois/Air  ####....     56%         3    None
 Ozocubu's Armour         Chrm/Ice       ####....     56%         3    None
 Portal Projectile        Hex/Tloc       ####..       56%         3    None
 Recall                   Summ/Tloc      N/A          56%         3    None
 Static Discharge         Conj/Air       ####....     56%         3    None
 Summon Guardian Golem    Hex/Summ       ####....     56%         3    None
 Tukima's Dance           Hex            ####....     56%         3    None
 Iron Shot                Conj/Erth      ######....   67%         6    ####...
 Airstrike                Air            ####......   93%         4    None
 Cause Fear               Hex            ####......   93%         4    None
 Force Lance              Conj/Tloc      ####....     93%         4    None
 Fulminant Prism          Conj/Hex       ####......   93%         4    None
 Iskenderun's Mystic Bla  Conj           ####....     93%         4    None
 Olgreb's Toxic Radiance  Pois           ####....     93%         4    None
 Summon Ice Beast         Ice/Summ       ####....     93%         4    None
 Summon Lightning Spire   Summ/Air       ####....     93%         4    None
 Throw Icicle             Conj/Ice       ####....     93%         4    None
 Aura of Abjuration       Summ           ####......   100%        5    None
 Excruciating Wounds      Chrm/Necr      ####......   100%        5    None
 Fireball                 Conj/Fire      ####......   100%        5    None
 Iskenderun's Battlesphe  Conj/Chrm      ####....     100%        5    None
 Lightning Bolt           Conj/Air       ####......   100%        5    None
 Metabolic Englaciation   Hex/Ice        ####......   100%        5    None
 Silence                  Hex/Air        ####......   100%        5    None
 Summon Demon             Summ           ####......   100%        5    None
 Summon Forest            Summ/Tloc      ####......   100%        5    None
 Summon Mana Viper        Hex/Summ       ####....     100%        5    None
 Venom Bolt               Conj/Pois      ####......   100%        5    None
 Bolt of Cold             Conj/Ice       ####......   100%        6    ####...
 Bolt of Fire             Conj/Fire      ####......   100%        6    ####...
 Conjure Ball Lightning   Conj/Air       ####......   100%        6    ####...
 Deflect Missiles         Chrm/Air       ####......   100%        6    ####...
 Freezing Cloud           Conj/Ice/Air   ####......   100%        6    ####...
 Invisibility             Hex            ####....     100%        6    ####...
 Ozocubu's Refrigeration  Ice            ####......   100%        6    ####...
 Shadow Creatures         Summ           N/A          100%        6    ####...
 Simulacrum               Ice/Necr       ####......   100%        6    ####...
 Orb of Destruction       Conj           ####......   100%        7    #####..
 Ring of Flames           Chrm/Fire      ####......   100%        7    #####..
 Spellforged Servitor     Conj/Summ      ####......   100%        7    #####..
 Summon Hydra             Summ           ####......   100%        7    #####..
 Discord                  Hex            ####......   100%        8    #######
 Ignition                 Fire           ####......   100%        8    #######
 Shatter                  Erth           #######...   100%        9    #######
 Tornado                  Air            ####......   100%        9    #######


Dungeon Overview and Level Annotations

Branches:
Dungeon (15/15)            Temple (1/1) D:6            Lair (6/6) D:10
  Swamp (4/4) Lair:4       Spider (4/4) Lair:4        Slime (5/5) Lair:6
    Orc (2/2) D:12            Elf (3/3) Orc:2        Vaults (5/5) D:13
  Crypt (0/3) Vaults:3     Depths (5/5) D:15           Hell (visited)
    Dis (0/7) Hell            Geh (0/7) Hell            Coc (0/7) Hell
    Tar (0/7) Hell            Zot (0/5) Depths:5      IceCv (visited)
Gauntlet (visited)

Altars:
Elyvilon
Gozag
Hepliaklqana
Nemelex Xobeh
Sif Muna
Trog
Vehumet
Xom
Yredelemnul
Zin
The Shining One
Beogh
Jiyva
Lugonu

Shops:
D:5 [   D:6 *[=[[   D:10 *   D:12 [(   D:13 [[[[   Orc:2 ((:[*   Elf:2 [
Swamp:2 (   Slime:5 (??![   Vaults:2 ![::*   Vaults:4 (   Depths:2 }

Portals:
Hell: Depths:1 Depths:2 Depths:3 Depths:4 Depths:5
Abyss: Depths:1 Depths:4
Pandemonium: Depths:1 Depths:3 Depths:5
Ziggurat: Depths:1


Innate Abilities, Weirdness & Mutations

You cannot be hasted, slowed, berserked, paralysed or teleported.
You can dig through walls and to a lower floor.
Your four strong arms can wield two-handed weapons with a shield.
You have a pair of large antennae on your head. (SInv)
Your magical capacity is low. (-10% MP)


Message History

The ophan becomes distracted by the nearby gold, dreaming of imaginary riches.
Unknown command.
Unknown command.
Unknown command.
Unknown command.
Unknown command. [a] - 450 gold - resistance, might and agility [b] - 322 gold - resistance and agility [c] - 90 gold - flight Purchase which effect?
You feel very buoyant.
You fly up into the air.
You block the hell beast's attack. x2
The angel misses you. The angel hits you but does no damage.
The daeva calls down the wrath of the Shining One upon you.
The Shining One smites you!
* * * LOW HITPOINT WARNING * * *
The daeva calls down the wrath of the Shining One upon you.
The Shining One smites you!
You die...
Your body crumbles into a pile of gold.

....G..(.§(§)+(.##..##.....
.........§§§##((##..##.....
...........≈8#..##..##....#
≈≈≈≈≈≈≈≈≈≈≈≈##..##..##....#
8#8#8#8#8#8###§§##..##...##
################.§##..##.....
)...........A..§$§##..##.....
...8.....8.AAA....##..##.....
..........2@G....##..##.....
###'#'#'#######..##..##.....
#8.......8# #≈≈##..##.....
#######....[..##########..##...##
......###'''###...........##...##
............).............##....#
.........)....)..........'###....
#######.(.....############..#....
#######...(...############..#....


You could see 3 daevas, an angel, an ophan and a hell beast.

Vanquished Creatures
  4 pandemonium lords (Pan)
  the Royal Jelly (Slime:5)
  Dissolution (Slime:2)
  A seraph (Pan)
  2 ancient liches
  Sojobo (Depths:5)
  A greater mummy (Depths:2)
  Boris (Depths:4)
  Frederick (Vaults:3)
  Geryon (Hell)
  2 bone dragons
  6 golden dragons
  2 pearl dragons (Pan)
  An Ice Fiend (Pan)
  7 tentacled monstrosities
  A Brimstone Fiend (Pan)
  A hellephant (Depths:3)
  Rupert (Vaults:4)
  2 Hell Sentinels (Pan)
  Jorgrun (Spider:2)
  4 deep elf blademasters (Elf:3)
  5 liches
  9 titans
  Murray (Depths:4)
  23 acid blobs
  2 deep elf master archers (Elf:3)
  An ancient champion (Vaults:4)
  7 quicksilver dragons
  An Executioner (Pan)
  7 tentacled starspawn
  Agnes (Vaults:4)
  5 sphinxes
  4 storm dragons
  3 thorn hunters
  Kirke (Lair:4)
  8 tengu reavers
  14 azure jellies
  6 shadow dragons
  8 fire giants
  Roxanne (Elf:3)
  17 daevas
  Aizul (Swamp:1)
  5 ghost moths
  5 frost giants
  2 iron dragons (Vaults:5)
  A draconian knight (Vaults:4)
  11 deep elf sorcerers
  An emperor scorpion (shapeshifter) (Vaults:2)
  4 balrugs
  17 vault wardens
  4 warmongers (Pan)
  11 reapers
  8 cacodemons (Pan)
  8 deep elf elementalists
  10 emperor scorpions
  2 draconian annihilators
  2 orc warlords (Orc:2)
  35 angels
  5 war gargoyles
  18 stone giants
  A vampire knight (Depths:3)
  19 ironheart preservers
  3 spriggan defenders
  24 apis (Pan)
  40 very ugly things
  18 ophanim
  4 entropy weavers
  3 corrupters (Pan)
  3 black suns (Pan)
  6 deep elf demonologists
  13 deep elf annihilators
  Nessos (D:12)
  A black draconian (Depths:5)
  A yellow draconian (Depths:5)
  13 lorocyprocas
  A minotaur (Gauntlet)
  A red draconian (Depths:5)
  10 spark wasps
  2 purple draconians (Depths:5)
  2 white draconians (Depths:5)
  The ghost of skk the Blocker, a journeyman DDFi of Okawaru (Lair:1)
  10 ettins
  8 statues (Depths:4)
  11 blizzard demons
  13 green deaths
  Snorg (D:12)
  15 death oozes
  A quicksilver dragon zombie (Depths:2)
  9 deep elf death magi
  4 crystal guardians
  The ghost of Lytaqeus the Covert, a journeyman GnWn of Sif Muna (D:12)
  6 deep elf high priests
  12 fire dragons
  Fannar (D:12)
  9 great orbs of eyes
  35 vault guards
  21 yaktaur captains
  9 ice dragons
  A great orb of eyes (shapeshifter) (Vaults:5)
  6 monstrous demonspawn (Pan)
  A hydra (shapeshifter) (Vaults:5)
  A catoblepas (Lair:4)
  6 spriggan air magi
  6 rakshasas
  3 shambling mangroves
  10 centaur warriors
  26 hydras
  A naga warrior (Abyss:4)
  2 ghost crabs
  A hell beast (Gauntlet)
  13 alligators
  4 death knights
  72 two-headed ogres
  15 deep troll shamans
  5 hell hogs
  6 tengu warriors
  8 deep troll earth magi
  21 thrashing horrors
  2 titan zombies
  22 ogre magi
  A vampire mage (Depths:4)
  A storm dragon zombie (Depths:2)
  4 orc high priests
  32 soul eaters
  6 spriggan berserkers
  8 wretched stars
  30 sun demons
  An iron golem (Hell)
  2 golden dragon zombies
  20 deep elf knights
  A titan skeleton (Depths:1)
  4 shadow wraiths
  9 sixfirhies
  4 iron trolls
  17 hell knights
  20 cherubim (Pan)
  9 spatial maelstroms
  4 infernal demonspawn (Pan)
  A glowing orange brain (shapeshifter) (Vaults:5)
  4 shadow demons
  6 unseen horrors
  2 spriggan druids
  A flayed ghost (Depths:4)
  2 torturous demonspawn (Pan)
  A kraken simulacrum (Hell)
  An anaconda zombie (Abyss:4)
  10 glowing orange brains
  35 deep trolls
  7 wizards
  2 gelid demonspawn (Pan)
  17 orc knights
  3 phantasmal warriors
  2 tengu zombies
  A lindwurm (Lair:4)
  10 swamp dragons
  An iron dragon zombie (Depths:2)
  17 deep elf archers
  3 harpies (Vaults:4)
  14 ironbrand convokers
  14 necromancers
  3 shining eyes (Slime:2)
  2 human zombies
  A frost giant zombie (Depths:2)
  4 moths of wrath
  66 ugly things
  6 orc sorcerers
  A manticore (D:11)
  4 salamanders
  A salamander (shapeshifter) (Vaults:4)
  62 deep elf magi
  32 wolf spiders
  16 orb spiders
  An iron dragon skeleton (Depths:3)
  3 worldbinders
  2 frost giant skeletons
  A manticore (shapeshifter) (Vaults:2)
  3 stone giant zombies
  4 rust devils
  7 elephants
  3 cyclopes (shapeshifter)
  10 cyclopes
  2 fire giant skeletons
  3 guardian serpents
  3 ice statues (IceCv)
  10 vault sentinels
  4 apocalypse crabs
  A stone giant skeleton (Depths:1)
  9 orange demons
  4 black mambas
  2 guardian serpents (shapeshifter)
  21 smoke demons
  A molten gargoyle (Hell)
  A black mamba (shapeshifter) (D:8)
  A spiny frog (shapeshifter) (Depths:1)
  Maurice (D:8)
  4 gargoyles
  31 spiny frogs
  8 rime drakes
  15 hellions
  9 freezing wraiths
  A yaktaur zombie (Vaults:4)
  2 kobold demonologists
  2 hydra zombies (Hell)
  7 komodo dragons
  5 tengu conjurers
  67 yaktaurs
  3 tormentors (Pan)
  8 hellwings
  17 demonic crawlers
  6 ancient zymes
  3 efreet
  13 ice devils
  11 trolls
  8 red devils
  19 tyrant leeches
  3 guardian mummies (Depths:2)
  36 jumping spiders
  A queen bee (shapeshifter) (Vaults:5)
  3 meliai (Lair:4)
  4 polar bears
  2 queen bees
  A jumping spider (shapeshifter) (D:14)
  3 ettin zombies
  A harpy skeleton (D:15)
  28 blink frogs
  19 hornets
  A sphinx simulacrum (Depths:3)
  A fire dragon zombie (Depths:1)
  A snapping turtle (shapeshifter) (Vaults:5)
  Grinder (D:3)
  A dream sheep (shapeshifter) (D:15)
  3 hydra skeletons
  An iron dragon simulacrum (Depths:3)
  Prince Ribbit (D:7)
  A frost giant simulacrum (Depths:1)
  2 bog bodies
  73 slime creatures
  20 raiju
  2 spriggan zombies
  5 hippogriffs
  54 redbacks
  12 spriggans
  4 flying skulls (Abyss:4)
  3 wraiths
  A yak (shapeshifter) (Depths:5)
  23 ynoxinuls
  4 shadows
  64 starcursed masses
  A tarantella (shapeshifter) (Depths:5)
  15 water elementals
  4 air elementals
  28 tarantellas
  2 ettin skeletons
  47 large abominations
  6 wyverns
  Eustachio (D:4)
  A human (shapeshifter) (Vaults:1)
  23 yaks
  8 fire elementals
  A golden eye (shapeshifter) (D:7)
  5 basilisks
  4 hungry ghosts
  10 golden eyes
  Grum (D:8)
  30 vampire mosquitoes
  21 neqoxecs
  2 yaktaur simulacra
  3 hogs (Lair:4)
  5 wargs
  20 chaos spawn
  19 insubstantial wisps
  Menkaure (D:7)
  7 spatial vortices
  2 nagas
  19 swamp worms
  2 acid dragons (Vaults:2)
  Duvessa (D:4)
  3 spiny frog zombies (Hell)
  14 water moccasins
  12 porcupines
  29 small abominations
  7 hell hounds
  12 ice beasts
  11 eyes of draining
  An eye of draining (shapeshifter) (Vaults:3)
  55 orc warriors
  A spiny frog skeleton (Hell)
  19 swamp drakes
  2 black bears
  A necrophage (D:11)
  5 phantoms
  2 black bears (shapeshifter)
  2 sky beasts
  A deep troll simulacrum (Depths:1)
  55 ogres
  8 wolves
  11 boggarts
  17 centaurs
  12 crocodiles
  A snapping turtle skeleton (Abyss:2)
  3 big kobolds
  28 bullfrogs
  A gnoll sergeant (D:8)
  A wyvern zombie (D:12)
  Dowan (D:4)
  A spiny frog simulacrum (Hell)
  8 earth elementals
  A wyvern skeleton (D:7)
  A water moccasin zombie (D:5)
  8 scorpions
  55 killer bees
  A human simulacrum (Vaults:4)
  8 wights
  3 howler monkeys
  4 electric eels
  10 crimson imps
  A draconian simulacrum (IceCv)
  2 centaur zombies
  3 quasits
  4 hounds
  3 iron imps
  27 orc priests
  4 jellies
  3 bullfrog zombies
  Crazy Yiuf (D:5)
  32 orc wizards
  A bullfrog skeleton (D:7)
  6 centaur skeletons
  3 iguanas
  4 hell rats
  Ijyb (D:4)
  2 spriggan simulacra
  2 troll simulacra (IceCv)
  12 worker ants
  3 centaur simulacra (IceCv)
  A hound zombie (D:5)
  2 hound skeletons
  7 mummies (Depths:2)
  A worker ant zombie (D:5)
  7 gnolls (D:8)
  8 river rats (D:4)
  15 adders
  3 naga simulacra (IceCv)
  8 shadow imps
  4 white imps
  4 ufetubi
  An ooze (D:2)
  3 adder skeletons
  A worm (shapeshifter) (D:8)
  3 worms
  7 leopard geckos
  90 orcs
  5 ball pythons
  5 giant cockroaches
  4 goblins
  9 hobgoblins
  12 jackals
  10 quokkas
  12 bats
  8 frilled lizards
  A jackal skeleton (D:7)
  20 kobolds
  A leopard gecko simulacrum (D:8)
  A quokka skeleton (D:5)
  26 rats
  3 briar patches (Swamp:4)
  4 fire vortices (Depths:4)
  A lurking horror (Abyss:4)
  A plant (D:10)
  3 starspawn tentacles
  A tentacle (Hell)
3231 creatures vanquished.

Vanquished Creatures (collateral kills)
  A dancing weapon (Elf:1)
1 creature vanquished.

Vanquished Creatures (others)
  A tentacled monstrosity (Vaults:5)
  A vault warden (Vaults:5)
  An ogre mage (Vaults:2)
  31 dancing weapons
  A shadow demon (Pan)
  2 deep elf magi
  An orb spider (Spider:4)
  A large abomination (Abyss:4)
  A human (Lair:4)
  A golden eye (Abyss:3)
  3 small abominations
  A killer bee (Lair:4)
  An orc wizard (Vaults:5)
  A centaur zombie (D:10)
  A hell rat (Hell)
  An ufetubus (Abyss:3)
  17 fungi
  44 plants
  28 starspawn tentacles
  5 tentacles (Hell)
  4 toadstools (D:1)
147 creatures vanquished.

Grand Total: 3379 creatures vanquished

Notes
Turn   | Place    | Note
-------+----------+-------------------------------------------
     0 | D:1      | Arum the Formicid Fighter began the quest for the Orb.
     0 | D:1      | Reached XP level 1. HP: 18/18 MP: 1/1
   122 | D:1      | Reached XP level 2. HP: 24/24 MP: 2/2
   220 | D:1      | Reached XP level 3. HP: 27/30 MP: 3/3
   676 | D:2      | Found a glowing silver altar of Zin.
   684 | D:2      | Reached XP level 4. HP: 33/37 MP: 4/4
   715 | D:2      | Reached skill level 4 in Fighting
   722 | D:2      | Noticed a centaur
  1043 | D:2      | Killed a centaur
  1043 | D:2      | Reached skill level 5 in Shields
  1043 | D:2      | Reached XP level 5. HP: 13/43 MP: 5/5
  1820 | D:3      | Reached XP level 6. HP: 28/49 MP: 6/6
  2172 | D:3      | Found an opulent altar of Gozag.
  2173 | D:3      | Found a basalt altar of Yredelemnul.
  2175 | D:3      | Found a white marble altar of Elyvilon.
  2187 | D:3      | Became a worshipper of Gozag Ym Sagoz the Greedy
  2326 | D:3      | Noticed Grinder
  2356 | D:3      | Reached skill level 5 in Fighting
  2367 | D:3      | Killed Grinder
  2367 | D:3      | Reached XP level 7. HP: 18/56 MP: 7/7
  2654 | D:3      | Found an opulent altar of Gozag.
  2977 | D:4      | Noticed Ijyb
  2992 | D:4      | Killed Ijyb
  3043 | D:4      | Noticed Eustachio
  3104 | D:4      | Killed Eustachio
  3125 | D:4      | Reached skill level 6 in Fighting
  3134 | D:4      | Reached skill level 5 in Staves
  3140 | D:4      | Noticed Duvessa
  3162 | D:4      | Killed Duvessa
  3162 | D:4      | Reached XP level 8. HP: 31/64 MP: 8/8
  3163 | D:4      | Noticed Dowan
  3171 | D:4      | Killed Dowan
  3962 | D:4      | Found a hazy altar of Hepliaklqana.
  4021 | D:4      | Reached skill level 7 in Fighting
  4432 | D:5      | Entered Level 5 of the Dungeon
  4552 | D:5      | Reached XP level 9. HP: 71/72 MP: 9/9
  5176 | D:5      | Found Acre's Armour Shoppe.
  5179 | D:5      | Bought the cursed +1 scale mail of Liohoi {rPois} for 240
                  | gold pieces
  5264 | D:5      | Found a runed translucent door.
  5265 | D:5      | Noticed Crazy Yiuf
  5274 | D:5      | Killed Crazy Yiuf
  5380 | D:6      | Found Xutaiwej's Armour Boutique.
  5381 | D:6      | Found Kero's Armour Shoppe.
  5553 | D:6      | Found Jonuq's Jewellery Emporium.
  5568 | D:6      | Bought the amulet of the Four Winds {rN+ MR+++ Clar} for
                  | 482 gold pieces
  5568 | D:6      | Found the amulet of the Four Winds {rN+ MR+++ Clar}
  5603 | D:6      | Found Duas's Antique Armour Shoppe.
  5609 | D:6      | Reached skill level 8 in Fighting
  5614 | D:6      | Found Niast's General Store.
  5775 | D:6      | Found a staircase to the Ecumenical Temple.
  5982 | Temple   | Entered the Ecumenical Temple
  6008 | D:7      | Noticed Menkaure
  6132 | D:6      | Reached skill level 5 in Armour
  6512 | D:7      | Killed Menkaure
  6779 | D:7      | Reached XP level 10. HP: 64/82 MP: 10/10
  6943 | D:7      | Reached skill level 9 in Fighting
  7031 | D:7      | Found a large runed translucent door.
  7034 | D:7      | Found a large runed translucent door.
  7035 | D:7      | Noticed a deep elf mage
  7035 | D:7      | Noticed Prince Ribbit
  7043 | D:7      | Killed Prince Ribbit
  7049 | D:7      | Noticed a six-headed hydra
  7056 | D:7      | Found a large runed translucent door.
  7056 | D:7      | Found a large runed translucent door.
  7286 | D:7      | Found a shimmering altar of Xom.
  7969 | D:8      | Noticed a guardian serpent
  7969 | D:8      | a shapeshifter changed into a guardian serpent
  7985 | D:8      | Killed a guardian serpent
  7985 | D:8      | Reached skill level 10 in Fighting
  8255 | D:8      | Reached XP level 11. HP: 91/91 MP: 11/11
  8510 | D:8      | Noticed Grum
  8529 | D:8      | Killed Grum
  8780 | D:8      | Noticed Maurice
  8803 | D:8      | Killed Maurice
  9197 | D:9      | Reached skill level 11 in Fighting
  9317 | D:9      | Reached skill level 10 in Staves
  9577 | D:9      | Found a sparkling altar of Nemelex Xobeh.
  9609 | D:9      | Found a bloodstained altar of Trog.
  9727 | D:9      | Got an ichor-stained spear
  9728 | D:9      | Identified the +8 spear "Faosytyamo" {drain, MR++ Dex+5
                  | Stlth+} (You found it on level 9 of the Dungeon)
  9848 | D:10     | Entered Level 10 of the Dungeon
  9935 | D:10     | Noticed an unseen horror
  9946 | D:10     | Killed an unseen horror
 10010 | D:10     | Reached XP level 12. HP: 100/100 MP: 8/12
 10043 | D:10     | Noticed a two-headed ogre
 10051 | D:10     | Killed a two-headed ogre
 10051 | D:10     | Reached skill level 10 in Armour
 10077 | D:10     | Noticed a two-headed ogre
 10089 | D:10     | Killed a two-headed ogre
 10329 | D:10     | Found a staircase to the Lair.
 10383 | D:10     | Found Busseuh's Assorted Antiques.
 10391 | D:10     | Bought a scroll of identify for 56 gold pieces
 10391 | D:10     | Bought a scroll of identify for 56 gold pieces
 10391 | D:10     | Bought a scroll labeled TETUCW NO TUE for 28 gold pieces
 10391 | D:10     | Bought an orange potion for 25 gold pieces
 10573 | D:10     | Found a glowing golden altar of the Shining One.
 10585 | D:10     | Reached skill level 12 in Fighting
 10970 | D:10     | Noticed an eight-headed hydra
 10989 | D:10     | Killed a nine-headed hydra
 11777 | D:11     | Noticed an unseen horror
 11785 | D:11     | Killed an unseen horror
 12224 | D:11     | Noticed a five-headed hydra
 12241 | D:11     | Killed a five-headed hydra
 12872 | D:12     | Noticed Nessos
 12888 | D:12     | Killed Nessos
 12888 | D:12     | Reached XP level 13. HP: 89/109 MP: 13/13
 12893 | D:12     | Noticed Snorg
 12907 | D:12     | Killed Snorg
 12907 | D:12     | Reached skill level 13 in Fighting
 12950 | D:12     | Noticed Fannar
 12979 | D:12     | Killed Fannar
 13003 | D:12     | Found a gate leading to a gauntlet.
 13015 | Gauntlet | Entered a Gauntlet
 13015 | Gauntlet | Found a transporter.
 13015 | Gauntlet | Found a transporter.
 13015 | Gauntlet | Found a transporter.
 13016 | Gauntlet | Found a transporter.
 13019 | Gauntlet | Found a transporter.
 13029 | Gauntlet | Noticed a hell beast
 13031 | Gauntlet | Found a transporter.
 13036 | Gauntlet | Found a transporter.
 13099 | Gauntlet | Found a transporter.
 13109 | Gauntlet | Found a transporter.
 13125 | Gauntlet | Found a transporter.
 13137 | Gauntlet | Found a transporter.
 13150 | Gauntlet | Found a transporter.
 13312 | Gauntlet | Got a scorched silver ring
 13403 | Gauntlet | Identified the ring of Xom's Whimsicality {Int+4 Dex+5
                  | Slay+2} (You found it in a Gauntlet)
 13416 | Gauntlet | Killed a hell beast
 13430 | Gauntlet | Got a pair of twisted gloves
 13432 | Gauntlet | Got a transparent dagger
 13436 | Gauntlet | Noticed a minotaur
 13447 | Gauntlet | Killed a minotaur
 13555 | Gauntlet | Identified the Incunabulum of Burning Conjuration
 13602 | D:12     | Identified the +5 pair of gloves of Mucuil Fefu {rN++} (You
                  | found it in a Gauntlet)
 13771 | D:12     | Found a staircase to the Orcish Mines.
 13788 | D:12     | Found a runed translucent door.
 13789 | D:12     | Noticed Lytaqeus's ghost (journeyman GnWn)
 14317 | D:13     | Noticed a vault guard
 14317 | D:13     | Noticed a vault guard
 14317 | D:13     | Noticed a vault guard
 14317 | D:13     | Noticed a vault guard
 14318 | D:13     | Found a gate to the Vaults.
 14318 | D:13     | Noticed a vault guard
 14318 | D:13     | Noticed a vault guard
 14318 | D:13     | Noticed a vault guard
 14319 | D:13     | Noticed a vault guard
 14327 | D:13     | Killed a vault guard
 14337 | D:13     | Killed a vault guard
 14343 | D:13     | Killed a vault guard
 14353 | D:13     | Killed a vault guard
 14357 | D:13     | Killed a vault guard
 14361 | D:13     | Killed a vault guard
 14361 | D:13     | Reached skill level 14 in Fighting
 14368 | D:13     | Killed a vault guard
 14379 | D:13     | Killed a vault guard
 14603 | D:13     | Noticed a six-headed hydra
 14615 | D:13     | Killed a six-headed hydra
 14630 | D:13     | Noticed a centaur warrior
 14645 | D:13     | Killed a centaur warrior
 14645 | D:13     | Reached XP level 14. HP: 117/120 MP: 14/14
 14653 | D:13     | Reached skill level 1 in Dodging
 16253 | D:14     | Learned a level 6 spell: Statue Form
 16430 | D:14     | You fall into a shaft and drop 1 floor!
 16430 | D:15     | Entered Level 15 of the Dungeon
 16444 | D:15     | Reached skill level 15 in Fighting
 17028 | D:15     | Reached skill level 5 in Dodging
 17342 | D:15     | Found a staircase to the Depths.
 17342 | D:15     | Noticed a fire giant
 17419 | D:15     | Reached XP level 15. HP: 108/129 MP: 15/15
 17771 | D:15     | Killed a fire giant
 18415 | Orc:1    | Entered Level 1 of the Orcish Mines
 18786 | Orc:1    | Found a roughly hewn altar of Beogh.
 19014 | Orc:2    | Entered Level 2 of the Orcish Mines
 19029 | Orc:2    | Noticed an orc warlord
 19084 | Orc:2    | Killed an orc warlord
 19309 | Orc:2    | Found Idist's Antique Weapon Emporium.
 19460 | Orc:2    | Found a staircase to the Elven Halls.
 19987 | Orc:2    | Reached skill level 16 in Fighting
 20018 | Orc:2    | Noticed an orc warlord
 20060 | Orc:2    | Killed an orc warlord
 20498 | Orc:2    | Found Casau's Antique Armour Emporium.
 20509 | Orc:2    | Found Binaolem's General Store.
 20541 | Orc:2    | Found Beg Vairea's Book Emporium.
 20542 | Orc:2    | Found Jetuh's Antique Weapon Shoppe.
 20767 | Elf:1    | Entered Level 1 of the Elven Halls
 20900 | Elf:1    | Reached skill level 15 in Staves
 21486 | Elf:1    | Reached XP level 16. HP: 123/139 MP: 16/16
 22399 | Elf:2    | Found the +15 Maxwell's patent armour {-Cast -Tele rElec
                  | MR+ rCorr}
 22714 | Elf:2    | Got a pair of faintly glowing gloves
 22715 | Elf:2    | Identified the +0 pair of gloves of Doasox {rPois rF+
                  | Str+3} (You acquired it on level 2 of the Elven Halls)
 22826 | Elf:2    | Found Epit Sud's Antique Armour Emporium.
 22945 | Elf:2    | Found a runed translucent gate.
 22945 | Elf:2    | Found a runed translucent gate.
 22950 | Elf:2    | Found a runed translucent gate.
 22991 | Elf:2    | Reached skill level 17 in Fighting
 23966 | Elf:3    | Entered Level 3 of the Elven Halls
 24261 | Elf:3    | Reached skill level 10 in Dodging
 24261 | Elf:3    | Reached XP level 17. HP: 148/148 MP: 17/17
 24414 | Elf:3    | Reached skill level 10 in Shields
 24423 | Elf:3    | Noticed a deep elf master archer
 24426 | Elf:3    | Killed a deep elf master archer
 24426 | Elf:3    | Noticed a deep elf blademaster
 24447 | Elf:3    | Killed a deep elf blademaster
 24447 | Elf:3    | Reached skill level 18 in Fighting
 24799 | Elf:3    | Noticed a deep elf master archer
 24802 | Elf:3    | Identified the ring of Biur {+Blink rC+ Stlth+}
 24803 | Elf:3    | Noticed a deep elf blademaster
 24826 | Elf:3    | Noticed a deep elf blademaster
 24829 | Elf:3    | Killed a deep elf blademaster
 24836 | Elf:3    | Killed a deep elf blademaster
 24842 | Elf:3    | Killed a deep elf master archer
 24867 | Elf:3    | Identified the ring "Awemnako" {*Tele MP+9}
 25340 | Elf:3    | Identified the cursed +1 robe of Hahoilut {rC+}
 25415 | Elf:3    | Identified the +7 short sword "Ihapeg" {pierce, *Slow rF++
                  | Dex+4}
 25439 | Elf:3    | Identified the Grimoire of Damaging Toxins
 25482 | Elf:3    | Found the +2 hat of the Bear Spirit {Spirit, +Rage rN+
                  | MR++}
 25635 | Elf:3    | Reached XP level 18. HP: 158/158 MP: 18/18
 25807 | Elf:3    | Noticed a Hell Sentinel
 25870 | Elf:3    | Noticed Roxanne
 25881 | Elf:3    | Killed Roxanne
 25888 | Elf:3    | Noticed a deep elf blademaster
 25902 | Elf:3    | Killed a deep elf blademaster
 26028 | Elf:3    | Identified the +7 long sword of Xuhoupt {venom, rElec
                  | Str+2}
 26249 | Elf:3    | Found a portal to a secret trove of treasure.
 26516 | Lair:1   | Entered Level 1 of the Lair of Beasts
 26677 | Lair:1   | Found a runed translucent door.
 26683 | Lair:1   | Noticed skk's ghost (journeyman DDFi)
 26699 | Lair:1   | Killed skk's ghost
 26706 | Lair:1   | Got a smelly chain mail
 26726 | Lair:1   | Identified the +0 chain mail of Minor Irritation {rPois
                  | Str+4 Int+7} (You found it on level 1 of the Lair of
                  | Beasts)
 26888 | Lair:1   | Found a shimmering blue altar of Sif Muna.
 27646 | Lair:2   | Found a frozen archway.
 27688 | IceCv    | Entered an ice cave
 27749 | IceCv    | Reached skill level 15 in Armour
 28439 | Lair:3   | Reached skill level 19 in Fighting
 29737 | Lair:4   | Found a hole to the Spider Nest.
 29992 | Lair:4   | Noticed Kirke
 30014 | Lair:4   | Killed Kirke
 30135 | Lair:4   | Found a staircase to the Swamp.
 31330 | Lair:6   | Entered Level 6 of the Lair of Beasts
 31401 | Lair:6   | Reached XP level 19. HP: 167/167 MP: 19/19
 32217 | Lair:6   | Found a viscous altar of Jiyva.
 32217 | Lair:6   | Found a staircase to the Slime Pits.
 32468 | Spider:1 | Entered Level 1 of the Spider Nest
 33331 | Spider:2 | You fall into a shaft and drop 1 floor!
 33433 | Spider:3 | Reached skill level 20 in Fighting
 33494 | Spider:3 | Got a faintly humming plate armour
 33495 | Spider:3 | Identified the cursed +0 plate armour "Vibaxtapn" {-Cast
                  | Int+8 Slay+2} (You found it on level 3 of the Spider Nest)
 34135 | Spider:2 | Reached skill level 15 in Shields
 34233 | Spider:2 | Noticed Jorgrun
 34251 | Spider:2 | Killed Jorgrun
 34350 | Spider:2 | Reached XP level 20. HP: 139/176 MP: 20/20
 34753 | Spider:4 | Entered Level 4 of the Spider Nest
 36379 | Spider:4 | Got a gossamer rune of Zot
 36633 | Swamp:1  | Entered Level 1 of the Swamp
 36818 | Swamp:1  | Noticed Aizul
 36836 | Swamp:1  | Killed Aizul
 37688 | Swamp:2  | Bought the cursed +2 quarterstaff "Ejuramops" {crush, rC-
                  | rN+ Dex+6} for 387 gold pieces
 37771 | Swamp:2  | Reached skill level 21 in Fighting
 39044 | Swamp:3  | Reached XP level 21. HP: 169/186 MP: 21/21
 39834 | Swamp:4  | Entered Level 4 of the Swamp
 40719 | Swamp:4  | Reached skill level 22 in Fighting
 42123 | Swamp:4  | Got a decaying rune of Zot
 42730 | D:6      | Bought the ring of Geicve Damm {-Tele rF++ rC+ AC+2} for
                  | 394 gold pieces
 42913 | Vaults:1 | Entered Level 1 of the Vaults
 43490 | D:12     | Bought a glowing large shield for 195 gold pieces
 43957 | Vaults:1 | Found the +7 lajatang of Order {silver, rMut}
 44163 | Vaults:1 | Reached skill level 23 in Fighting
 44385 | Vaults:1 | Reached XP level 22. HP: 107/200 MP: 22/22
 45519 | Vaults:2 | Found Johips's Assorted Antiques.
 45526 | Vaults:2 | Bought a potion of mutation for 328 gold pieces
 45526 | Vaults:2 | Bought a scroll of identify for 82 gold pieces
 45526 | Vaults:2 | Bought a scroll of enchant armour for 307 gold pieces
 46099 | Vaults:2 | Found Idaulomm's Armour Boutique.
 46110 | Vaults:2 | Found Refet's Distillery.
 46197 | Vaults:2 | Bought a potion of heal wounds for 90 gold pieces
 46197 | Vaults:2 | Bought a potion of heal wounds for 90 gold pieces
 46390 | Vaults:2 | Found Xocorin's Book Boutique.
 46392 | Vaults:2 | Found Fiamn's Book Boutique.
 46567 | Vaults:3 | Noticed Frederick
 46581 | Vaults:3 | Killed Frederick
 46581 | Vaults:3 | Reached skill level 24 in Fighting
 47198 | Vaults:3 | Found a staircase to the Crypt.
 47524 | Vaults:3 | Reached XP level 23. HP: 209/209 MP: 23/23
 48456 | Vaults:4 | Found Hokeggi's Antique Weapon Shop.
 49399 | Vaults:4 | Noticed Rupert
 49399 | Vaults:4 | Noticed Agnes
 49431 | Vaults:4 | Killed Agnes
 49438 | Vaults:4 | Killed Rupert
 49742 | Vaults:4 | Reached skill level 25 in Fighting
 50005 | Depths:1 | Entered Level 1 of the Depths
 50042 | Depths:1 | Found a gateway to a ziggurat.
 50325 | Depths:1 | Reached XP level 24. HP: 173/221 MP: 23/23
 50734 | Depths:1 | Found a one-way gate to the infinite horrors of the Abyss.
 51099 | Depths:1 | Found a one-way gate leading to the halls of Pandemonium.
 51416 | Depths:1 | Found a gateway to Hell.
 51667 | Depths:2 | Found Jokenoah's Gadget Shop.
 51677 | Depths:2 | Bought a wand of clouds (3) for 357 gold pieces
 51683 | Depths:1 | Got a faintly glowing quarterstaff
 51689 | Depths:2 | Identified the +11 quarterstaff of Vaets {distort, rPois
                  | rN+ Str+4 Int-5} (You found it on level 1 of the Depths)
 52729 | Depths:2 | Noticed a greater mummy
 52738 | Depths:2 | Killed a greater mummy
 52738 | Depths:2 | Reached skill level 26 in Fighting
 53320 | Depths:3 | Reached XP level 25. HP: 223/229 MP: 23/23
 55341 | Depths:4 | Reached skill level 27 in Fighting
 55785 | Depths:4 | Found a corrupted altar of Lugonu.
 55942 | Depths:4 | Found the +8 orange crystal plate armour {Archmagi, Int+3
                  | Clar}
 56065 | Depths:4 | Reached XP level 26. HP: 213/241 MP: 23/23
 56108 | Depths:4 | Reached skill level 1 in Transmutations
 56227 | Depths:4 | Reached skill level 1 in Spellcasting
 56273 | Depths:4 | Found a radiant altar of Vehumet.
 56273 | Depths:4 | Noticed Boris
 56289 | Depths:4 | Killed Boris
 56289 | Depths:4 | Reached skill level 15 in Dodging
 56816 | Depths:5 | Entered Level 5 of the Depths
 56816 | Depths:5 | Noticed Sojobo
 56858 | Depths:5 | Killed Sojobo
 57572 | Depths:5 | Reached skill level 5 in Transmutations
 57712 | Depths:5 | Reached skill level 5 in Spellcasting
 57978 | Depths:5 | Found a gate to the Realm of Zot.
 58651 | Depths:5 | Reached XP level 27. HP: 205/249 MP: 34/34
 59131 | Depths:5 | Noticed a juggernaut
 60043 | Depths:3 | Noticed an ancient lich
 60061 | Depths:3 | Killed an ancient lich
 60455 | Vaults:5 | Entered Level 5 of the Vaults
 60465 | Vaults:5 | Reached skill level 10 in Transmutations
 60708 | Vaults:5 | Reached skill level 10 in Spellcasting
 61723 | Vaults:5 | Got a silver rune of Zot
 61949 | Vaults:5 | Found the +8 glaive of the Guard {elec, +Rage AC+5 SInv}
 62097 | Vaults:5 | Identified the Collected Works on Venom and Aid
 62112 | Vaults:5 | Identified the Almanac of Harmful Beguiling
 62702 | Vaults:5 | Identified Akuth's Compendium of Supportive Venom
 63036 | Depths:1 | Voluntarily entered the Abyss.
 63280 | Abyss:1  | Noticed an ancient lich
 63287 | Abyss:1  | Killed an ancient lich
 63305 | Abyss:1  | Got a pair of ancient boots
 63306 | Abyss:1  | Identified the +0 pair of boots of Nev Aqeu {rF+ rN+ Dex-2}
                  | (You found it on level 1 of the Abyss)
 63416 | Abyss:2  | Found a corrupted altar of Lugonu.
 63425 | Abyss:2  | Found a bloodstained altar of Trog.
 64431 | Abyss:3  | Identified the Grimoire of Moulding
 64444 | Abyss:3  | Identified the Papyrus of Venom
 64475 | Abyss:3  | Identified the Reference Book on Flight
 64500 | Abyss:3  | Gained mutation: Your magical capacity is low. (-10% MP) [a
                  | neqoxec]
 64532 | Abyss:3  | Identified the Almanac of Malediction
 64556 | Abyss:3  | Identified the Guide on Evil
 64558 | Abyss:3  | Identified Vyajuz Iduc's Almanac of Companions
 64565 | Abyss:3  | Identified the Guide on Black Arts
 64567 | Abyss:3  | Identified Kikubaaqudgha's Incunabulum of Necromancy
 64578 | Abyss:3  | Learned a level 3 spell: Regeneration
 65131 | Abyss:4  | Reached skill level 15 in Transmutations
 65206 | Abyss:4  | Got an abyssal rune of Zot
 65312 | Abyss:4  | Found a corrupted altar of Lugonu.
 65330 | Abyss:4  | Reached skill level 1 in Earth Magic
 65690 | Abyss:4  | Reached skill level 5 in Earth Magic
 65744 | Depths:1 | Escaped the Abyss
 66429 | Slime:1  | Entered Level 1 of the Pits of Slime
 66546 | Slime:3  | Noticed Dissolution
 66560 | Slime:2  | Killed Dissolution
 66820 | Slime:2  | Reached skill level 15 in Spellcasting
 67032 | Slime:5  | Entered Level 5 of the Pits of Slime
 67145 | Slime:5  | Noticed the Royal Jelly
 68044 | Slime:5  | Found a viscous altar of Jiyva.
 68089 | Slime:5  | Killed the Royal Jelly
 68473 | Slime:5  | Got a twitching platinum ring
 68538 | Slime:5  | Got a slimy rune of Zot
 68592 | Slime:5  | Got a brightly glowing bronze ring
 68609 | Slime:5  | Identified the ring of Qisigiz {EV+3 Dex+4} (You found it
                  | on level 5 of the Pits of Slime)
 68610 | Slime:5  | Identified the ring "Lukoets" {*Slow rElec rPois rCorr
                  | Slay+4} (You found it on level 5 of the Pits of Slime)
 68619 | Slime:5  | Got a twisted scale mail
 68620 | Slime:5  | Identified the +1 scale mail of Fiprocep {SInv} (You found
                  | it on level 5 of the Pits of Slime)
 68928 | Slime:5  | Bought a scroll of immolation for 66 gold pieces
 68930 | Slime:5  | Bought a scroll of fog for 30 gold pieces
 69023 | Slime:5  | Bought a pair of scorched gloves for 380 gold pieces
 69024 | Slime:5  | Identified the cursed -2 pair of gloves of Fortitude {rC+}
                  | (You bought it in a shop on level 5 of the Pits of Slime)
 69027 | Slime:5  | Bought an embroidered cloak for 300 gold pieces
 69095 | Slime:5  | Bought a potion of resistance for 210 gold pieces
 69616 | Vaults:2 | Bought 2 potions of resistance for 360 gold pieces
 69920 | Elf:3    | You paid a toll of 5 potions of resistance to enter a
                  | treasure trove
 69921 | Trove    | Entered a treasure trove
 69924 | Trove    | Found the +2 pair of boots of the Assassin {Detection Stab+
                  | Stlth++}
 69934 | Trove    | Got a spiked crystal plate armour
 69936 | Trove    | Got a pair of ichor-stained gloves
 69938 | Trove    | Got an ancient plate armour
 69943 | Trove    | Got a pair of faintly glowing boots
 69945 | Trove    | Got a translucent large shield
 69946 | Trove    | Identified the +1 crystal plate armour of the Saviour {rN+
                  | Str+9 Slay-4} (You found it in a treasure trove)
 69947 | Trove    | Identified the +2 pair of gloves of the Suburbs {rPois rF++
                  | Str+3 Dex+4} (You found it in a treasure trove)
 69948 | Trove    | Identified the +2 plate armour of Spring Thaw {rF- rN++}
                  | (You found it in a treasure trove)
 69949 | Trove    | Identified the cursed -3 pair of boots "Ecregen" {-Cast MR+
                  | Str+2 Stlth+} (You found it in a treasure trove)
 69950 | Trove    | Identified the +0 large shield of Lucidity {rElec Regen+
                  | rCorr} (You found it in a treasure trove)
 70195 | D:12     | Killed Lytaqeus's ghost
 70684 | Hell     | Entered the Vestibule of Hell
 70684 | Hell     | Noticed Geryon
 70790 | Hell     | Noticed Murray
 70825 | Depths:4 | Killed Murray
 70896 | Depths:4 | Reached skill level 10 in Earth Magic
 71537 | Hell     | Killed Geryon
 71902 | Hell     | Found a gateway to the Iron City of Dis.
 71968 | Hell     | Found a gateway to the freezing wastes of Cocytus.
 72088 | Hell     | Found a gateway to the decaying netherworld of Tartarus.
 72160 | Hell     | Found a gateway to the ashen valley of Gehenna.
 72481 | Pan      | Entered Pandemonium
 72752 | Pan      | Noticed Lifrore the pandemonium lord
 72776 | Pan      | Killed Lifrore the pandemonium lord
 72879 | Pan      | Got a demonic rune of Zot
 73977 | Pan      | Noticed Vuipnulu the pandemonium lord
 74031 | Pan      | Killed Vuipnulu the pandemonium lord
 75188 | Pan      | Found a huge runed translucent gate.
 75195 | Pan      | Found a huge runed translucent gate.
 75196 | Pan      | Found a huge runed translucent gate.
 75196 | Pan      | Found a huge runed translucent gate.
 75196 | Pan      | Found a huge runed translucent gate.
 75196 | Pan      | Found a huge runed translucent gate.
 75198 | Pan      | Found a huge runed translucent gate.
 75891 | Pan      | Noticed Riaream the pandemonium lord
 76084 | Pan      | Killed Riaream the pandemonium lord
 76471 | Pan      | Noticed Habloypn the pandemonium lord
 76489 | Pan      | Killed Habloypn the pandemonium lord
 76817 | Pan      | Reached skill level 15 in Earth Magic
 77559 | Pan      | Found a white marble altar of Elyvilon.
 78618 | Pan      | Identified the +3 large shield "Jeleklae" {Int+5}
 78712 | Pan      | HP: 9/249 [daeva/divine providence (13)]
 78923 | Pan      | Found a glowing silver altar of Zin.
 79448 | Pan      | Identified the +7 large shield "Tosamun" {rF+ Slay+3}
 80481 | Pan      | Identified the +3 ring mail of Peek-a-Boo {rElec rCorr
                  | Int-5}
 80481 | Pan      | Identified the ring "Galoodd" {*Contam rF+ rC+ Dex+6
                  | Stlth+}
 80490 | Pan      | Noticed a seraph
 80791 | Pan      | Killed a seraph
 80913 | Pan      | Found a glowing golden altar of the Shining One.
 80913 | Pan      | Identified the ring "Iraets" {rN+ Str-3 Int+6 Slay+3}
 80997 | Pan      | HP: 6/249 [daeva/divine providence (11)]
 81000 | Pan      | Killed from afar by a daeva

Levels and vault maps discovered:
D:1:      ldierk_walled_garden_2, layout_basic, amethyst_killhole,
          hangedman_decor_peaks_small
D:2:      layout_basic, zin_statuary, first_ration, serial_bayou_pond_e,
          hex_tiny
D:3:      layout_loops_ring, minitemple, grunt_gozag_statues, uniq_grinder
D:4:      layout_loops_ring, kennysheep_little_box,
          hangedman_decor_diamond_cutter, dk_rats_in_the_wall, uniq_duvessa,
          uniq_eustachio, uniq_ijyb
D:5:      layout_cave_pools, serial_shops, nicolae_shop_behind_doors,
          grunt_ministairs_1, nrook_mini_vaults, uniq_crazy_yiuf_cottage
D:6:      layout_rooms, minmay_temple_entry_proselytizer, serial_shops,
          nicolae_shop_crystal, shop, shop, shop, shop,
          kennysheep_cross_bottleneck
D:7:      layout_basic, kennysheep_mini, minmay_hollow_rounded_squares,
          uniq_prince_ribbit1, uniq_menkaure
D:8:      layout_basic, serial_ice, serial_ice_f, serial_ice_e, serial_ice_i,
          serial_ice_b, serial_ice_o, uniq_grum, uniq_maurice
D:9:      layout_cave_pools, trog_eyes_of_draining, basic_altar
D:10:     layout_cave_pods, dpeg_oklobed_lair, serial_shops,
          nicolae_shop_crystal, david_nohive_1, tso_metal_star
D:11:     layout_basic
D:12:     layout_big_octagon, orc_0_dummy, gauntlet_entry_generic,
          ebering_ghost_reflecting_pool, serial_bayou_pond_a, uniq_snorg,
          uniq_nessos, uniq_fannar
D:13:     layout_long_grid, erik_vaults_2
D:14:     layout_irregular_city, nicolae_sextant, item_on_display_a
D:15:     grunt_enter_depths_giant_problem, layout_small_grid,
          chequers_arboretum, drop_trap, minmay_misc_feat_ornament
Temple:   regret_index_temple_generic_petals
Lair:1:   layout_hall_layers, ebering_ghost_inner_flame, basic_altar
Lair:2:   layout_regular_city, portal_ice_cave_entry_ice_beasts,
          grunt_megastairs_2
Lair:3:   layout_long_grid, serial_rivers, chequers_serial_rivers_micro_c,
          chequers_serial_rivers_small_a, chequers_serial_rivers_micro_e,
          chequers_serial_rivers_small_b, chequers_serial_rivers_large_a,
          minivault_27
Lair:4:   regret_index_combs_of_tragedy, layout_regular_city,
          palyth_hydra_swamp_entry, spider_nest_entry_web_field,
          serial_bayou_shore_a, uniq_kirke
Lair:5:   layout_cave_pods, lemuel_fruit_tree, grunt_megastairs_3
Lair:6:   minmay_lair_end_frog_pond, layout_regular_city,
          dpeg_slime_entry_enclosed_altar
Swamp:1:  layout_basic_swamp, evilmike_swamp_ruin_house_1, swamp_pool1,
          nicolae_swamp_spriggan_camp, uniq_aizul
Swamp:2:  layout_basic_swamp, evilmike_swamp_ruin_rubble_2
Swamp:3:  layout_basic_swamp, hangedman_swamp_lotus
Swamp:4:  swamp_basic_johnstein, layout_basic_swamp
Spider:1: layout_spider_delve
Spider:2: layout_spider_delve, uniq_jorgrun
Spider:3: layout_spider_delve, drop_trap
Spider:4: grunt_spider_rune_circles
Slime:1:  layout_caves
Slime:2:  layout_caves
Slime:3:  nicolae_slime_jelly_donut, layout_caves, dissolution_awaits
Slime:4:  layout_caves, cheibrodos_slime_lost_civilization_6
Slime:5
Orc:1:    layout_diamond_mine, basic_altar
Orc:2:    st_orc_congregation, layout_diamond_mine, serial_shops, shop
Elf:1:    layout_gridlike, evilmike_minifort
Elf:2:    layout_onion_city, serial_glass, glass_columns_b, glass_columns_a,
          item_on_display_a, serial_shops, shop_statue, uniq_agnes
Elf:3:    minmay_elf_hall_quartered_circle, layout_loops_corners, enter_trove_3,
          minivault_24, uniq_roxanne
Vaults:1: ontoclasm_vaults_ring_large, nicolae_vaults_triangles,
          vaults_room_boxed, nicolae_vaults_three_branches,
          nicolae_vaults_border_crossing, layout_vaults_omnigrid
Vaults:2: nicolae_vaults_display_case, vaults_room_ringed_pool,
          nicolae_vaults_little_squares_2, v_alt_pattern_6,
          nicolae_vaults_sealed_display, v_misc_23, ontoclasm_vaults_shuriken,
          v_pattern_5, vaults_mumra_lcd, hangedman_vaults_trim,
          layout_vaults_omnibox, serial_shops, shop, nicolae_shop_statue_plus,
          nicolae_shop_competitors_out_of_business, shop, shop
Vaults:3: nicolae_vaults_network_s, vaults_mumra_hex, ontoclasm_vaults_pinch,
          v_alt_pattern_2, v_misc_15, nicolae_vaults_disjoint_gnomons,
          nicolae_vaults_diagonal_hallway_7, v_misc_14, blue_anna_dwarven_crypt,
          nicolae_vaults_diagonal_hallway_9, st_lattice, nicolae_vaults_theta,
          vaults_dpeg_encased_lava, layout_vaults_omnicross, uniq_frederick
Vaults:4: vaults_mumra_minichess, v_misc_5, v_misc_10,
          nicolae_vaults_little_squares_2, v_rooms_2, vaults_room_semicircle,
          sword_in_stone, ontoclasm_vaults_misaligned,
          nicolae_vaults_windows_and_doors_thing, ontoclasm_vaults_ring_square,
          ontoclasm_vaults_misaligned, vaults_room_pools, layout_vaults_ring,
          serial_shops, shop_statue
Vaults:5
Depths:1: layout_forbidden_donut, enter_ziggurat_b, abyss_entry,
          rand_demon_pan_entry_8, grunt_hell_entry_dis_mu, st_stairs_3,
          lemuel_flamethrower_2, firewood_loft
Depths:2: lemuel_minitomb, layout_cave_pools, serial_shops, shop,
          kennysheep_nondescript, hell_entry, nrook_pool_corridor,
          serial_sigils_hangedman_gut, minmay_misc_feat_plants,
          hangedman_stitches_earthworm, infiniplex_staircase_split_hallway
Depths:3: constructs_gauntlet_mu_hangedman, layout_gridlike, pan_entry,
          hex_intersection, hangedman_tar_grid_catacomb,
          chequers_serial_rivers_micro_c, kennysheep_crisscross
Depths:4: evilmike_halls_of_destruction, layout_cave_pools, hell_entry,
          abyss_entry_flame_altar, minmay_misc_feat_doors,
          kennysheep_four_rooms, uniq_boris
Depths:5: grunt_runaround [grunt_runaround_doors_1, grunt_runaround_doors_2,
          grunt_runaround_doors_3, grunt_runaround_doors_4,
          grunt_runaround_zot], pan_entry, hell_entry, uniq_sojobo
Hell
Pan:      evilmike_mini_pan_corridor, layout_irregular_city,
          evilmike_mini_pan_diamond, layout_small_grid,
          pan_blood_fountain_small, special_room [special_room_demon_pit],
          nicolae_pan_giant_door, layout_grid_shapes, rand_demon_3,
          layout_irregular_city, pan_blood_fountain_small,
          nicolae_pan_sigil_obb, nicolae_pan_lom_lobonic_3, pan_surprise,
          evilmike_holy_pan

Skill      XL: |  1  2  3  4  5  6  7  8  9 10 11 12 13 14 15 16 17 18 19 20 21 22 23 24 25 26 27 |
---------------+----------------------------------------------------------------------------------+-----
Shields        | 4 5 6 8 9 11 13 15 16 22 | 22.0
Fighting       | 4 5 6 7 8 10 11 12 14 15 16 17 18 19 20 21 23 24 25 26 27 | 27.0
Staves         | 3 4 5 6 7 9 10 11 13 14 15 16 17 18 19 20 22 | 22.8
Armour         | 5 7 9 11 13 14 15 16 18 20 | 20.9
Dodging        | 5 8 10 11 12 13 14 15 | 15.0
Transmutations | 8 15 | 15.0
Spellcasting   | 7 19 | 19.7
Earth Magic    | 17 | 17.7

Action                   |  1- 3 |  4- 6 |  7- 9 | 10-12 | 13-15 | 16-18 | 19-21 | 22-24 | 25-27 || total
-------------------------+-------+-------+-------+-------+-------+-------+-------+-------+-------++-------
Melee: Quarterstaff      |    89 |   154 |   504 |   599 |    21 |    11 |  1150 |       |       ||  2528
       Lajatang          |       |       |       |   166 |  1012 |  1231 |  1154 |  1711 |  5158 || 10432
 Cast: Statue Form       |       |       |       |       |       |       |       |       |     4 ||     4
Invok: Potion Petition   |       |       |     1 |       |       |     1 |       |       |    29 ||    31
       Call Merchant     |       |       |       |       |     2 |       |     5 |       |     5 ||    12
       Bribe Branch      |       |       |       |       |       |       |       |       |     1 ||     1
 Abil: Dig               |       |       |     8 |     9 |    13 |    14 |     9 |    15 |    57 ||   125
       Evoke Flight      |       |       |       |       |       |       |       |       |     4 ||     4
Evoke: Wand              |       |       |     1 |       |     1 |     1 |     5 |       |    11 ||    19
       Lamp of fire      |       |       |       |       |     1 |       |       |       |     1 ||     2
       Lightning rod     |       |       |       |       |       |       |       |       |     3 ||     3
       Horn of Geryon    |       |       |       |       |       |       |       |       |     1 ||     1
       Phial of floods   |       |       |       |       |       |       |       |       |     1 ||     1
       Phantom mirror    |       |       |       |       |       |       |       |       |     1 ||     1
  Use: Potion            |       |     2 |       |       |     2 |     5 |     1 |       |    19 ||    29
       Scroll            |       |       |     1 |    13 |    17 |    10 |     6 |     4 |    21 ||    72
 Stab: Invisible         |       |       |     2 |       |       |       |       |       |    12 ||    14
       Paralysed         |       |       |       |    12 |       |       |       |       |       ||    12
       Confused          |       |       |       |     2 |       |     1 |       |       |     2 ||     5
       Petrified         |       |       |       |     5 |       |       |       |       |       ||     5
       Petrifying        |       |       |       |     2 |       |       |       |       |       ||     2
       Distracted        |       |       |       |     3 |     7 |    13 |    21 |    25 |    54 ||   123
  Eat: Chunk             |       |     5 |       |       |       |     1 |       |       |       ||     6
       Ration            |       |       |     5 |     6 |     9 |     9 |    13 |    10 |    30 ||    82
Armor: Scale mail        |    47 |    64 |   130 |   175 |   159 |       |       |       |       ||   575
       Skin              |       |       |     4 |       |       |       |       |       |     4 ||     8
       Chain mail        |       |       |       |       |    45 |    35 |       |       |       ||    80
       Plate armour      |       |       |       |       |       |   356 |   867 |   350 |   792 ||  2365
       Crystal plate arm |       |       |       |       |       |       |       |       |   873 ||   873
Dodge: Dodged            |    27 |    59 |    95 |   289 |   267 |   327 |   833 |   361 |  1386 ||  3644
Block: Shield            |    57 |    97 |   242 |   442 |   488 |   715 |  1465 |       |       ||  3506
       Large shield      |       |       |       |       |       |       |   235 |  1255 |  4585 ||  6075
